 Dungeon Crawl Stone Soup version 0.23.2-33-g5129a83184 (webtiles) character file.

Game seed: 8294400938843381579

232 DungeonDestroyer the Chopper (level 5, 0/47 HPs)
             Began as a Minotaur Fighter on July 28, 2019.
             Slain by an orc priest
             ... wielding a +0 trident
              (2 damage)
             ... on level 3 of the Dungeon.
             The game lasted 00:05:06 (2032 turns).

DungeonDestroyer the Chopper (Minotaur Fighter)     Turns: 2032, Time: 00:05:06

Health: 0/47       AC:  8    Str: 20    XL:     5   Next: 73%
Magic:  4/4        EV:  7    Int:  5    God:
Gold:   176        SH:  9    Dex: 11    Spells: 4/4 levels left

rFire    . . .     SeeInvis .   a - +0 war axe
rCold    . . .     Gourm    .   c - +0 shield
rNeg     . . .     Faith    .   b - +0 scale mail
rPois    .         Spirit   .   (helmet restricted)
rElec    .         Reflect  .   l - +0 cloak
rCorr    .         Harm     .   (no gloves)
MR       .....                  (no boots)
Stlth    ..........             j - amulet of the acrobat
HPRegen  0.15/turn              (no ring)
MPRegen  0.09/turn              (no ring)

@: no status effects
A: retaliatory headbutt, horns 2
a: no special abilities


You were on level 3 of the Dungeon.
You were hungry.

You visited 1 branch of the dungeon, and saw 3 of its levels.

You collected 176 gold pieces.

Inventory:

Hand Weapons
 a - a +0 war axe (weapon)
Armour
 b - a +0 scale mail (worn)
 c - a +0 shield (worn)
 l - a +0 cloak (worn)
Jewellery
 j - an amulet of the acrobat (around neck)
Scrolls
 i - 5 scrolls of remove curse
 k - a scroll of identify
Potions
 d - a potion of might
 e - a potion of haste
 m - 2 potions of curing
Comestibles
 f - 4 rations


   Skills:
 + Level 4.5 Fighting
 + Level 5.0 Axes
 + Level 4.8 Armour
 + Level 4.8 Shields


You had 4 spell levels left.
You didn't know any spells.
Your spell library was empty.

Dungeon Overview and Level Annotations

Branches:
Dungeon (3/15)

Altars:
Trog
Zin


Innate Abilities, Weirdness & Mutations

You reflexively headbutt those who attack you in melee.
You have a pair of horns on your head.


Message History

You hit the orc priest.
The orc priest is almost dead.
You slash the orc priest! You slash the orc!
You kill the orc!
The orc priest hits you but does no damage.
The orc priest calls upon Beogh to heal the orc priest.
The orc priest is healed somewhat.
You closely miss the orc priest.
You headbutt the orc priest, but do no damage.
The orc priest is heavily wounded.
You closely miss the orc priest.
The orc priest mumbles some strange prayers to Beogh against you.
Beogh smites you!
* * * LOW HITPOINT WARNING * * *
The orc wizard gestures wildly while chanting.
The orc wizard blinks!
The orc priest calls upon Beogh to heal the orc priest.
The orc priest is healed somewhat.
The orc priest hits you with a +0 trident.
You die...

#....##.........#
#+##....##.........#
........##.........#
...................#
...................#
................######
...####(......(.#.....
.. ##()†.......#.(...
. #@).........+.....
#oo...%.#####.....
.§....##..........
.......+ ..........
........# ........#
.........# ........#
.o........# .......)#
...........+ .......>'
........#


You could see 2 orc priests and an orc wizard.

Vanquished Creatures
  An ogre (D:3)
  Terence (D:2)
  3 adders (D:2)
  2 oozes
  3 worms
  2 dart slugs
  A leopard gecko (D:1)
  6 orcs (D:3)
  3 giant cockroaches
  5 goblins
  11 hobgoblins
  6 jackals
  6 kobolds
  A quokka (D:3)
  A ball python (D:1)
  6 bats
  5 frilled lizards
  6 rats
69 creatures vanquished.

Notes
Turn   | Place    | Note
-------+----------+-------------------------------------------
     0 | D:1      | DungeonDestroyer the Minotaur Fighter began the quest for
                  | the Orb.
     0 | D:1      | Reached XP level 1. HP: 19/19 MP: 0/0
   152 | D:1      | Reached XP level 2. HP: 27/27 MP: 1/1
   546 | D:1      | Reached XP level 3. HP: 33/33 MP: 2/2
   666 | D:1      | Reached skill level 3 in Axes
   849 | D:2      | Noticed Terence
   866 | D:2      | Killed Terence
   866 | D:2      | Reached XP level 4. HP: 18/40 MP: 3/3
  1208 | D:2      | Reached skill level 4 in Axes
  1280 | D:2      | Noticed an angel
  1281 | D:2      | Found a glowing silver altar of Zin.
  1462 | D:2      | Found a bloodstained altar of Trog.
  1729 | D:3      | Noticed an ogre
  1743 | D:3      | Killed an ogre
  1743 | D:3      | Reached XP level 5. HP: 17/47 MP: 4/4
  2026 | D:3      | Reached skill level 5 in Axes
  2032 | D:3      | HP: 2/47 [orc priest/divine providence (14)]
  2032 | D:3      | Slain by an orc priest

Skill      XL: |  1  2  3  4  5 |
---------------+----------------+-----
Fighting       | 4 |  4.5
Shields        | 4 |  4.8
Armour         | 4 |  4.8
Axes           | 3 4 5 |  5.0

Action                   |  1- 3 |  4- 6 || total
-------------------------+-------+-------++-------
Melee: War axe           |    62 |    85 ||   147
       Headbutt          |     6 |    18 ||    24
  Use: Scroll            |     3 |     2 ||     5
       Potion            |     3 |     3 ||     6
  Eat: Chunk             |       |     3 ||     3
Armor: Scale mail        |    24 |    29 ||    53
Dodge: Dodged            |    18 |    34 ||    52
Block: Shield            |    26 |    55 ||    81
